 Dungeon Crawl Stone Soup version 0.31.0-32-g396128a36d (webtiles) character file.

Game seed: 887787557662538954

11536 TreeFish the Destroyer (level 11, -5/77 HPs)
             Began as a Human Conjurer on Apr 12, 2024.
             Was a Priest of Vehumet.
             Slain by a two-headed ogre
             ... wielding a +0 giant club
              (30 damage)
             ... on level 10 of the Dungeon.
             The game lasted 01:16:50 (12059 turns).

TreeFish the Destroyer (Human Conjurer)            Turns: 12059, Time: 01:16:50

Health: -5/77      AC:  8    Str:  9    XL:     11   Next: 79%
Magic:  2/23       EV: 19    Int: 21    God:    Vehumet [***...]
Gold:   964        SH:  0    Dex: 12    Spells: 8/26 levels left

rFire   . . .        A - +0 whip (venom)
rCold   . . .        p - orb {mayhem}
rNeg    . . .        v - +0 troll leather armour
rPois   .            x - +0 helmet
rElec   .            d - +1 cloak
rCorr   .            c - +0 pair of gloves
SInv    .            I - +0 pair of boots
Will    .....        (no amulet)
Stlth   ++           f - ring of wizardry
HPRegen 1.12/turn    g - +5 ring of evasion
MPRegen 0.18/turn

%: mayhem, wizardry (x1)
@: no status effects
A: explore regen
a: Renounce Religion


You were on level 10 of the Dungeon.
You worshipped Vehumet.
Vehumet was most pleased with you.
You visited 2 branches of the dungeon, and saw 11 of its levels.
You also visited: Bailey.

You collected 1128 gold pieces.
You spent 132 gold pieces at shops.
You donated 32 gold pieces to Zin.

Inventory:

Hand Weapons
 A - a +0 whip of venom (weapon)
Missiles
 h - 120 stones
 q - 33 boomerangs
 r - 2 throwing nets
 u - 7 atropa-tipped darts
 w - 8 datura-tipped darts
 B - 9 curare-tipped darts
 D - 63 poisoned darts
Armour
 c - a +0 pair of gloves (worn)
 d - a +1 cloak (worn)
 p - an orb of mayhem (worn)
 v - a +0 troll leather armour (worn)
 x - a +0 helmet (worn)
 I - a +0 pair of boots (worn)
 L - the +0 ring mail of Fanaticism {rPois Str+5 Stlth+}
   (You took it off a kobold in a bailey)

   Str+5:     It affects your strength (+5).
   rPois:     It protects you from poison Stlth+: It makes you more stealthy.
Jewellery
 f - a ring of wizardry (left hand)
 g - a +5 ring of evasion (right hand)
 C - a ring of positive energy
 G - a ring of willpower
Wands
 y - a wand of flame (10)
 J - a wand of quicksilver (5)
Scrolls
 a - a scroll of enchant weapon {unknown}
 b - a scroll of brand weapon
 i - a scroll of noise
 j - a scroll of silence
 k - a scroll of enchant armour
 m - 3 scrolls of immolation
 o - a scroll of fear
 F - 2 scrolls of vulnerability
 H - 2 scrolls of teleportation
 K - 3 scrolls of blinking
 M - a scroll of fog
Potions
 e - 2 potions of mutation
 l - a potion of enlightenment {unknown}
 n - 2 potions of resistance
 s - 2 potions of attraction
 t - 6 potions of curing
 z - 2 potions of haste
 E - a potion of invisibility
 N - a potion of heal wounds {unknown}


   Skills:
 + Level 4.0 Fighting
 + Level 2.4 Armour
 + Level 8.8 Dodging
 + Level 4.0 Stealth
 + Level 8.1 Spellcasting
 * Level 12.9 Conjurations
 + Level 2.3 Fire Magic


You had 8 spell levels left.
You knew the following spells:

 Your Spells              Type           Power      Damage    Failure   Level
b - Magic Dart            Conj           100%       1d8       1%          1
c - Searing Ray           Conj           100%       2d8       1%          2
d - Fulminant Prism       Conj/Alch      17%        3d10      1%          4
t - Iskenderun's Mystic   Conj/Tloc      35%        2d8       1%          4
v - Inner Flame           Hex/Fire       13%        N/A       2%          3
y - Flame Wave            Conj/Fire      40%        2d11      1%          4

Your spell library contained the following spells:

 Spells                   Type           Power      Damage    Failure   Level
 Stone Arrow              Conj/Erth      70%        3d11      1%          3
 Call Imp                 Summ           16%        N/A       6%          2
 Ensorcelled Hibernation  Hex/Ice        16%        N/A       6%          2
 Sublimation of Blood     Necr           8%         N/A       6%          2
 Sticky Flame             Fire/Alch      13%        2d5       7%          4
 Fugue of the Fallen      Necr           8%         N/A       13%         3
 Anguish                  Hex/Necr       4%         N/A       38%         4
 Summon Hydra             Summ           4%         N/A       100%        7


Dungeon Overview and Level Annotations

Branches:
Dungeon (10/15)            Temple (1/1) D:5          Bailey (visited)
   Lair: D:8-11         Orc: D:9-12

Altars:
Ashenzari
Cheibriados
Elyvilon
Fedhas
Gozag
Hepliaklqana
Kikubaaqudgha
Makhleb
Nemelex Xobeh
Okawaru
Qazlal
Ru
Sif Muna
Trog
Uskayaw
Vehumet
Wu Jian
Xom
Yredelemnul
Zin
The Shining One

Shops:
D:5 :![!(


Innate Abilities, Weirdness & Mutations

You regain HP and MP as you explore.


Message History

The two-headed ogre misses you.
The two-headed ogre hits you with a +0 giant club!
The searing ray hits the two-headed ogre.
The two-headed ogre is almost dead.
The searing ray hits the centaur.
You kill the centaur!
Vehumet accepts your kill.
You feel your power returning.
The searing ray hits the two-headed ogre!
The two-headed ogre is moderately wounded.
The two-headed ogre closely misses you. The two-headed ogre misses you.
The searing ray hits the two-headed ogre!
You kill the two-headed ogre!
Vehumet accepts your kill.
The two-headed ogre flies into a frenzy!
The searing ray hits the two-headed ogre!
The two-headed ogre is heavily wounded.
You finish channelling your searing ray.
The two-headed ogre hits you with a +0 giant club!!!
The two-headed ogre hits you with a +0 giant club.
Your Fighting skill increases to level 4!
Your Stealth skill increases to level 4!
Casting: Searing Ray (safe; 1% risk of failure)
Confirm with . or Enter, or press ? or * to list all spells.
You erupt in a blast of force!
The mystic blast hits the two-headed ogre!
The two-headed ogre is severely wounded.
The two-headed ogre is knocked back by the mystic blast.
You hear a shout!
Casting: Iskenderun's Mystic Blast (dangerous; 1% risk of failure)
Confirm with . or Enter, or press ? or * to list all spells.
Aiming: Searing Ray (safe; 1% risk of failure)
Press: ? - help, Shift-Dir - straight line, f - two-headed ogre
Aim: a two-headed ogre, wielding two +0 giant clubs (severely wounded, fast, strong, frenzied and wild, 92% to hit)
The searing ray hits the two-headed ogre.
The two-headed ogre is severely wounded. (Press . to maintain the ray.)
The two-headed ogre shouts in stereo!
The two-headed ogre hits you with a +0 giant club!!
You die...

***,,,**,**##**...,,****,,,,,,,,,
,,......,,,...,...,,,,,+,,,,,,,>,
**#....,,**#..,...,,****,,,,,,,,,
#...#*** #.#*#.#,** **,,,,,,,*
##...## #.# #.#,# **,,,,,**
#.....# #.# #.#.# **,..***
##.....## #.###.#.# *#..,,,
#.......# ##....<..# #.#***
#.†.....###..###@### #.#
...#.#...##.## #O# #######.####
...#.#...#..# #)# #...........
..##.##....## #.# #.###.....##
..##.##...## #.#####.# ##...##
.##.#.##...# #.......# ##.####
.#,#*#,#...##* ##.###### #..†.†
#.** *#.#....####.# #.####
.##***##.......#.$# #.#


You could see a neutral two-headed ogre (fast, strong, frenzied).

Vanquished Creatures
  A hydra (D:10)
  4 two-headed ogres
  Pikel (D:7)
  An ugly thing (D:9)
  A cane toad (shapeshifter) (D:10)
  2 trolls (D:10)
  Prince Ribbit (D:6)
  A wyvern (D:8)
  4 yaks (D:8)
  A vampire mosquito (D:10)
  A steam dragon (D:7)
  3 ice beasts
  8 orc warriors
  A sky beast (D:8)
  An ogre (D:5)
  6 centaurs
  2 lemures (D:7)
  2 phantoms
  Blork the orc (D:6)
  3 bullfrogs (D:7)
  11 kobold brigands
  2 gnoll sergeants
  A scorpion (D:6)
  A wight (D:8)
  24 killer bees
  2 howler monkeys
  7 orc priests
  4 bombardier beetles
  2 hounds
  3 jellies
  2 iguanas (D:7)
  5 orc wizards
  11 gnolls
  6 adders
  A shadow imp (D:6)
  A white imp (D:7)
  4 dart slugs
  A ribbon worm (D:5)
  19 orcs
  5 ball pythons
  7 endoplasms
  2 giant cockroaches (D:3)
  10 goblins
  11 hobgoblins
  A quokka (D:3)
  3 bats
  4 frilled lizards
  30 kobolds
  2 rats
227 creatures vanquished.

Vanquished Creatures (collateral kills)
  A lemure (D:7)
  A scorpion (D:6)
  2 wights (D:8)
  A killer bee (D:7)
  A gnoll bouda (D:9)
  2 gnolls
  A white imp (D:7)
  5 orcs
  4 kobolds
18 creatures vanquished.

Vanquished Creatures (others)
  A manticore (D:10)
  A hornet (D:8)
  2 killer bees
  A goblin (D:3)
  2 kobolds
  55 fulminant prisms
62 creatures vanquished.

Grand Total: 307 creatures vanquished

Notes
Turn   | Place    | Note
-------+----------+-------------------------------------------
     0 | D:1      | TreeFish the Human Conjurer began the quest for the Orb.
     0 | D:1      | Reached XP level 1. HP: 13/13 MP: 3/3
   223 | D:1      | Reached XP level 2. HP: 19/19 MP: 0/5
   226 | D:1      | Learned a level 2 spell: Searing Ray
   857 | D:2      | Reached XP level 3. HP: 24/24 MP: 3/6
  1269 | D:2      | Reached skill level 5 in Conjurations
  1946 | D:3      | Noticed a phantom
  1965 | D:3      | Killed a phantom
  1966 | D:3      | Reached XP level 4. HP: 26/30 MP: 1/7
  1966 | D:3      | Reached XP level 5. HP: 30/35 MP: 1/8
  2419 | D:3      | Reached skill level 6 in Conjurations
  2480 | D:3      | Reached XP level 6. HP: 41/41 MP: 7/10
  2744 | D:3      | Found a faded altar of an unknown god.
  2747 | D:3      | Prayed at the altar of an unknown god.
  2747 | D:3      | Became a worshipper of Zin the Law-Giver
  2747 | D:3      | Reached * piety under Zin
  2747 | D:3      | Reached ** piety under Zin
  2782 | D:3      | Found a snail-covered altar of Cheibriados.
  3930 | D:4      | Reached *** piety under Zin
  4104 | D:4      | Learned a level 4 spell: Fulminant Prism
  4109 | D:4      | Learned a level 4 spell: Iskenderun's Mystic Blast
  4401 | D:5      | Entered Level 5 of the Dungeon
  4409 | D:5      | Found Ocalupn's Book Boutique.
  4464 | D:5      | Reached XP level 7. HP: 46/46 MP: 4/12
  4572 | D:5      | Found a staircase to the Ecumenical Temple.
  4698 | D:5      | Found Jeaczavo's Armour Shop.
  4811 | D:5      | Found Mosian's Weapon Shoppe.
  4842 | D:5      | Found Sehu's Distillery.
  4867 | D:5      | Found Nygiuhy's Distillery.
  4870 | D:5      | Bought a potion of curing for 36 gold pieces
  4870 | D:5      | Bought a potion of invisibility for 96 gold pieces
  5103 | Temple   | Entered the Ecumenical Temple
  5134 | Temple   | Fell from the grace of Zin
  5134 | Temple   | Became a worshipper of Vehumet
  5193 | D:6      | Reached skill level 7 in Conjurations
  5308 | D:6      | Noticed Blork the orc
  5321 | D:6      | Killed Blork the orc
  5520 | D:6      | Noticed Prince Ribbit
  5644 | D:6      | Reached XP level 8. HP: 53/53 MP: 10/14
  5657 | D:6      | Reached skill level 1 in Fighting
  5779 | D:6      | Reached skill level 8 in Conjurations
  6046 | D:6      | Killed Prince Ribbit
  6047 | D:6      | Reached skill level 5 in Dodging
  6501 | D:7      | Reached XP level 9. HP: 62/62 MP: 8/16
  6563 | D:7      | Reached skill level 5 in Spellcasting
  6670 | D:7      | Noticed Pikel
  6682 | D:7      | Reached * piety under Vehumet
  6682 | D:7      | Offered knowledge of Sandblast by Vehumet.
  6696 | D:6      | Reached skill level 9 in Conjurations
  7634 | D:7      | Killed Pikel
  7635 | D:7      | Reached skill level 10 in Conjurations
  8101 | D:8      | Noticed a hornet
  8110 | D:8      | Killed a hornet
  8112 | D:8      | Reached XP level 10. HP: 31/70 MP: 5/19
  8721 | D:8      | Learned a level 3 spell: Inner Flame
  8726 | D:8      | Learned a level 4 spell: Flame Wave
  8848 | D:8      | Offered knowledge of Shock by Vehumet.
  8848 | D:8      | Reached ** piety under Vehumet
  8849 | D:8      | Reached skill level 11 in Conjurations
  9236 | D:8      | Noticed a two-headed ogre
  9266 | D:8      | Killed a two-headed ogre
  9810 | D:9      | Noticed a two-headed ogre
  9827 | D:9      | Killed a two-headed ogre
  9828 | D:9      | Reached skill level 12 in Conjurations
  9927 | D:9      | Noticed a two-headed ogre
  9936 | D:9      | Killed a two-headed ogre
  9937 | D:9      | Reached XP level 11. HP: 75/75 MP: 2/22
 10290 | D:9      | Offered knowledge of Frozen Ramparts by Vehumet.
 10577 | D:10     | Entered Level 10 of the Dungeon
 10606 | D:10     | Noticed a deep elf pyromancer
 10635 | D:10     | Noticed a two-headed ogre
 10701 | D:10     | Reached *** piety under Vehumet
 10704 | D:10     | Found a flagged portal.
 10713 | Bailey   | Entered a bailey
 10853 | Bailey   | Identified the +0 ring mail of Fanaticism {rPois Str+5
                  | Stlth+}
 10972 | Bailey   | Reached skill level 1 in Armour
 11012 | Bailey   | Reached skill level 1 in Fire Magic
 11257 | Bailey   | Found a burning altar of Makhleb.
 11354 | D:10     | Noticed a centaur warrior
 11543 | D:10     | Noticed an eight-headed hydra
 11552 | D:10     | Killed an eight-headed hydra
 11705 | D:10     | Noticed a purple ugly thing
 11716 | D:10     | Noticed a brown ugly thing
 11743 | D:9      | Killed a purple ugly thing
 11743 | D:9      | Offered knowledge of Stone Arrow by Vehumet.
 11870 | D:10     | Noticed a manticore
 11881 | D:10     | Killed a manticore
 11882 | D:10     | Noticed a centaur warrior
 12046 | D:10     | Noticed a two-headed ogre
 12057 | D:10     | Killed a two-headed ogre
 12059 | D:10     | Slain by a two-headed ogre

Illustrated notes

Levels and vault maps discovered:
D:1:      dpeg_arrival_shelter, layout_rooms
D:2:      layout_basic, serial_corexii_hall, corexii_hall_statues_s,
          corexii_hall_statues_t
D:3:      layout_basic, marbit_many_paths,
          shapermc_ecumenical_altar_mp_vishouse, minmay_misc_feat_chi,
          minmay_tree_intersection, guppyfry_early_orc_mine
D:4:      layout_basic
D:5:      layout_cave_pools, minmay_temple_entry_ruins, serial_shops,
          nicolae_shop_stone, kennysheep_mini_moat, nicolae_shop_rolling_square,
          shop, shop, chequers_mini_garden, minmay_misc_feat_tower
D:6:      layout_cave_pools, uniq_blork_the_orc, uniq_prince_ribbit1
D:7:      layout_cave_pools, uniq_pikel
D:8:      layout_basic, minmay_parallelograms, hangedman_abyss_or_decor_stabs
D:9:      layout_long_grid
D:10:     minmay_the_grid_four_pointed_star_mashed
          [minmay_the_grid_triangle_9x9_minimal,
          minmay_the_grid_triangle_9x9_negative_grid,
          minmay_the_grid_triangle_9x9_from_above,
          minmay_the_grid_triangle_9x9_pentomino_pain,
          minmay_the_grid_prize_four_corners], layout_loops_corners,
          mainiacjoe_overflow_concentric_impassable, enter_bailey_2,
          nrook_mini_vaults, fungi_pond_lemuel
Temple:   mainiacjoe_temple_big_plus

Skill      XL: |  1  2  3  4  5  6  7  8  9 10 11 |
---------------+----------------------------------+-----
Conjurations   | 5 6 7 8 10 12 | 12.9
Dodging        | 3 4 5 6 8 |  8.8
Spellcasting   | 3 4 6 7 8 |  8.1
Fighting       | 2 3 4 |  4.0
Stealth        | 3 4 |  4.0
Armour         | 2 |  2.4
Fire Magic     | 2 |  2.3

Action                     |  1- 3 |  4- 6 |  7- 9 | 10-12 || total
---------------------------+-------+-------+-------+-------++-------
  Melee: Unarmed           |    12 |       |       |       ||    12
         Dagger            |    44 |    45 |       |       ||    89
         Whip              |       |       |    42 |     4 ||    46
   Cast: Magic Dart        |    31 |    26 |    72 |    35 ||   164
         Searing Ray       |     6 |    16 |    40 |    59 ||   121
         Fulminant Prism   |       |       |    18 |    37 ||    55
         Iskenderun's Myst |       |       |     2 |     8 ||    10
         Flame Wave        |       |       |       |     4 ||     4
         Inner Flame       |       |       |       |     1 ||     1
    Use: Scroll            |       |       |    11 |    10 ||    21
         Potion            |       |       |     3 |     2 ||     5
   Stab: Sleeping          |     2 |       |       |       ||     2
 Armour: Robe              |    20 |    21 |    62 |    24 ||   127
         Skin              |       |       |    29 |       ||    29
         Troll leather arm |       |       |       |    35 ||    35
  Dodge: Dodged            |    46 |    55 |    92 |   112 ||   305
